 Dungeon Crawl Stone Soup version 0.30-a0-1094-g860fb061e7 (webtiles) character file.

Game seed: 8535289697048896951

535 lunkers the Cutter (level 7, -6/57 HPs)
             Began as a Meteoran Fighter on Apr 17, 2023.
             Was an Initiate of Ashenzari.
             Mangled by an ogre
             ... wielding a +0 giant club
              (31 damage)
             ... on level 5 of the Dungeon.
             The game lasted 00:04:40 (1672 turns).

lunkers the Cutter (Meteoran Fighter)               Turns: 1672, Time: 00:04:40

Health: -6/57      AC:  9    Str: 18    XL:     7   Next: 79%
Magic:  8/8        EV:  9    Int: 10    God:    Ashenzari [......]
Gold:   190        SH:  5    Dex: 15    Spells: 6/6 levels left

rFire   . . .      SeeInvis +    b - +1 dagger (venom)
rCold   . . .      Faith    .    c - +0 buckler "Circumscribed Cynicism" {Melee, Evo} (curse)
rNeg    . . .      Spirit   .    k - +0 scale mail
rPois   .          Reflect  .    (no helmet)
rElec   .          Rampage  .    q - +0 cloak
rCorr   .                        f - +0 pair of gloves
Will    .....                    (no boots) Stlth
                                 (no amulet)
HPRegen 0.29/turn                l - ring of see invisible
MPRegen 0.11/turn                (no ring)

@: glowing
A: sense surroundings 1, otherworldly, glowing, explore regen
a: Renounce Religion, Curse Item, Shatter the Chains


You were on level 5 of the Dungeon.
You worshipped Ashenzari.
Ashenzari was noncommittal.
You visited 1 branch of the dungeon, and saw 5 of its levels.

You collected 190 gold pieces.

Inventory:

Hand Weapons
 a - a +0 long sword
 b - a +1 dagger of venom (weapon)
 t - a +2 flail of protection
Armour
 c - the cursed +0 buckler "Circumscribed Cynicism" (worn) {Melee, Evo}

   It has a curse which improves the following skills: Melee Combat: Short
   Blades, Long Blades, Axes, Maces & Flails, Polearms, Staves and Unarmed
   Combat.
   Evocations: Evocations.
 f - a +0 pair of gloves (worn)
 k - a +0 scale mail (worn)
 q - a +0 cloak (worn)
Jewellery
 l - a ring of see invisible (left hand)
 s - a ring of protection from cold
Scrolls
 p - a scroll of identify {unknown}
 u - a scroll of brand weapon {unknown}
Potions
 d - 2 potions of might
 e - 2 potions of magic {unknown}
 g - a potion of attraction {unknown}
 h - 3 potions of degeneration {unknown}
 i - a potion of invisibility {unknown}
 j - 2 potions of heal wounds {unknown}
 m - a potion of ambrosia {unknown}
 n - a potion of flight {unknown}
 o - a potion of curing {unknown}
 r - 2 potions of brilliance {unknown}


   Skills:
 + Level 3.2 Fighting
 - Level 7.0(8.0) Short Blades
 - Level 4.8(7.2) Long Blades
 + Level 3.6 Armour
 + Level 0.0 Dodging
 - Level 3.6 Shields


You had 6 spell levels left.
You didn't know any spells.
Your spell library was empty.

Dungeon Overview and Level Annotations

Branches:
Dungeon (5/15) Zot: 1337   Temple (0/1) D:4

Altars:
Ashenzari
Dithmenos
Elyvilon
Kikubaaqudgha
Makhleb

Shops:
D:1 *

Annotations:
D:5 3 runed translucent doors, diodin's ghost, novice NaEn


Innate Abilities, Weirdness & Mutations

You passively map a small area around you.
You are easily found by Zot.
You glow in the dark.
You regain HP and MP as you explore.


Message History

Found 3 stones.
Unknown command.
The shadow imp shouts, "Abandon hope, thou churlish shard-borne skainsmate!"
You hear a bark!
You hear an angry hiss.
Found a dagger.
The hound barks!
The iguana hisses angrily.
The iguana hisses menacingly.
The hound pauses to sniff the ground.
Found a stone staircase leading down.
No target in view!
No target in view!
No target in view!
An ogre comes into view. It is wielding a +0 giant club.
Found a ring mail.
The ogre shouts!
There is a stone staircase leading down here.
An ogre is nearby!
An ogre is nearby!
You barely miss the ogre. The ogre barely misses you.
You barely miss the ogre. You hit the ogre.
The ogre is poisoned.
The ogre is lightly wounded.
You hit the ogre.
The ogre looks as sick as possible!
The ogre is lightly wounded.
The ogre hits you with a +0 giant club!!
You hit the ogre but do no damage.
The ogre looks as sick as possible!
The ogre is lightly wounded.
You hit the ogre but do no damage.
The ogre looks as sick as possible!
The ogre is lightly wounded.
The ogre hits you with a +0 giant club!
* * * LOW HITPOINT WARNING * * *
You barely miss the ogre.
The ogre is lightly wounded.
You hit the ogre but do no damage.
The ogre is lightly wounded.
You hit the ogre.
The ogre looks as sick as possible!
The ogre is moderately wounded.
The ogre hits you with a +0 giant club!!
Ouch! That really hurt!
You die...

... .... *
######..# ..#
....$.#..# #.#
......#..# #[#
$....l+..#######.#
)...hg+........#.#
.....W+..#####.#.#
.(...5#..# #.#O#
......#..#####.#@#
#######..#.....>.#
*
.........#.###.###
.........#.# #.# ,
#..........###.#
** *
##.............#
####.##########
#.# # * #.# ♣♣♣
#..


You could see an ogre (extremely poisoned).

Vanquished Creatures
  A sky beast (D:4)
  A phantom (D:5)
  A scorpion (D:4)
  A howler monkey (D:5)
  An orc priest (D:3)
  A gnoll bouda (D:5)
  A hound (D:4)
  2 iguanas
  An orc wizard (D:3)
  3 gnolls (D:5)
  An adder (D:5)
  3 worms
  4 dart slugs
  7 orcs
  2 bats (D:1)
  7 endoplasms
  3 giant cockroaches
  2 goblins
  4 hobgoblins
  8 jackals
  4 kobolds
  A quokka (D:1)
  2 ball pythons
  7 frilled lizards
  4 rats (D:1)
72 creatures vanquished.

Vanquished Creatures (others)
  A hound (D:5)
  4 plants (D:4)
5 creatures vanquished.

Grand Total: 77 creatures vanquished

Notes
Turn   | Place    | Note
-------+----------+-------------------------------------------
     0 | D:1      | lunkers the Meteoran Fighter began the quest for the Orb.
     0 | D:1      | Reached XP level 1. HP: 19/19 MP: 2/2
    28 | D:1      | Reached XP level 2. HP: 26/26 MP: 3/3
   143 | D:1      | Found Laforys's General Store.
   156 | D:1      | Reached XP level 3. HP: 26/31 MP: 4/4
   425 | D:2      | Reached XP level 4. HP: 38/38 MP: 5/5
   534 | D:2      | Found a broken altar of Ashenzari.
   547 | D:2      | Became a worshipper of Ashenzari the Shackled
   849 | D:3      | Found a shadowy altar of Dithmenos.
   863 | D:3      | Found an ancient bone altar of Kikubaaqudgha.
   906 | D:3      | Reached skill level 1 in Short Blades
  1080 | D:3      | Reached skill level 2 in Short Blades
  1080 | D:3      | Reached XP level 5. HP: 32/45 MP: 6/6
  1100 | D:3      | Reached skill level 3 in Short Blades
  1215 | D:4      | Found a burning altar of Makhleb.
  1293 | D:4      | Reached XP level 6. HP: 32/51 MP: 7/7
  1293 | D:4      | Noticed a sky beast
  1298 | D:4      | Reached skill level 4 in Short Blades
  1316 | D:4      | Killed a sky beast
  1317 | D:4      | Reached skill level 5 in Short Blades
  1338 | D:4      | Found a staircase to the Ecumenical Temple.
  1350 | D:4      | Reached XP level 7. HP: 54/57 MP: 8/8
  1377 | D:4      | You fall into a shaft and drop 1 floor!
  1377 | D:5      | Entered Level 5 of the Dungeon
  1477 | D:5      | Reached skill level 6 in Short Blades
  1512 | D:5      | Found a white marble altar of Elyvilon.
  1600 | D:5      | Reached skill level 7 in Short Blades
  1644 | D:5      | Found a runed translucent gate.
  1644 | D:5      | Found a runed translucent gate.
  1645 | D:5      | Found a runed translucent gate.
  1647 | D:5      | Noticed diodin's ghost (novice NaEn)
  1672 | D:5      | Mangled by an ogre

Illustrated notes

Levels and vault maps discovered:
D:1:      amcnicky_arrival_underground_garden, layout_rooms, serial_shops,
          nicolae_shop_advertising_works [nicolae_subvault_shop_adworks],
          ebering_ecumenical_altar_sacrificial
D:2:      layout_loops_cross, basic_altar, minmay_lizard_pond
D:3:      layout_basic, mainiacjoe_overflow_catwalk_spiral
D:4:      layout_loops_ring, kennysheep_little_box, bloody_makhleb,
          minmay_temple_entry_gardened_gates, uniq_natasha, uniq_pikel
D:5:      layout_loops_corners, elyvilon_altar_3, gammafunk_ghost_split,
          hangedman_decor_slide_cut, lemuel_flamethrower_2

Skill      XL: |  1  2  3  4  5  6  7 |
---------------+----------------------+-----
Long Blades    | 3 4 |  4.8
Short Blades   | 2 3 5 7 |  7.0
Fighting       | |  3.2
Armour         | |  3.6
Shields        | |  3.6

Action                     |  1- 3 |  4- 6 |  7- 9 || total
---------------------------+-------+-------+-------++-------
  Melee: Long sword        |   107 |    11 |       ||   118
         Dagger            |       |   104 |    65 ||   169
 Invoke: Curse Item        |       |     1 |       ||     1
    Use: Scroll            |       |       |     3 ||     3
         Potion            |       |       |     1 ||     1
 Armour: Scale mail        |    92 |    50 |    14 ||   156
  Dodge: Dodged            |    56 |    35 |    11 ||   102
  Block: Buckler           |    33 |    14 |     7 ||    54

Table legend: (Time is in decaauts)
 A = Elapsed time spent in this place.
 B = Non-inter-level travel time spent in this place.
 C = Inter-level travel time spent in this place.
 D = Time resting spent in this place.
 E = Time spent auto-exploring this place.
 F = Levels seen in this place.
 G = Mean time per level.
                   A        B        C        D        E       F      G
               +--------+--------+--------+--------+--------+-----+--------+
         Total |   1661 |   1599 |     62 |      0 |   1013 |   5 |  332.2 |
       Dungeon |   1661 |   1599 |     62 |      0 |   1013 |   5 |  332.2 |
               +--------+--------+--------+--------+--------+-----+--------+

Top non-repeatable levels by time:
     D:2: 472 daAuts
     D:3: 411 daAuts
     D:1: 351 daAuts
     D:5: 273 daAuts
     D:4: 153 daAuts
